cohdb
Replays
Latest Replays
All Replays
Popular Replays
Top Player Replays
Match Explorer
How It Works
Community
CoH3 Stats
Reddit
Sign in to upload your games and track your stats! →
Sign in with Steam
Match 20363927
Unlisted
Match 20363927
Overview
Messages
Build Orders
End
Royal Engineer Section
Construct Section Command Post
Dingo Light Scout Car
Infantry Section
Infantry Section
Selects Air and Sea Battlegroup
Selects Supply Surplus
Construct Platoon Command Post
6-pounder Anti-tank Gun Team
Construct Field Infirmary
Infantry Section
Construct Resource Cache
6-pounder Anti-tank Gun Team
Selects Centaur Medium Tank
Centaur Medium Tank
Construct Resource Cache
Selects Commando Section Paradrop
Construct Company Command Post
MonoChrome
Treadz
0
0
Comments
sign in to comment!
No comments posted yet!